SA
DELAWARE 1787 BC @ GRIM REAPERS
09/01/2042
 
TOP OF THE 1ST
Delaware 1787 BC batting - Pitching for Grim Reapers : RHP Domingo Galló
Pitching: RHP Domingo Galló
Batting: LHB Steve Wheeler 0-0: Ball
1-0: Ball
2-0: Called Strike
2-1: Fly out, F7 (Flyball, 78S, EV 88.8 MPH)
Batting: LHB Luis Concepción 0-0: Ball
1-0: Called Strike
1-1: Ball
2-1: Foul Ball, location: 2F
2-2: Ball
3-2: Foul Ball, location: 2F
3-2: Ground out 4-3 (Groundball, 4M, EV 101.2 MPH)
Batting: RHB Mhelter Tejano 0-0: Ball
1-0: Ball
2-0: Called Strike
2-1: SINGLE (Line Drive, 8LS, EV 92.5 MPH)
Batting: RHB Eduardo Lucciardi 0-0: Ball
Mhelter Tejano steals 2nd base
1-0: Called Strike
1-1: Foul Ball, location: 2F
1-2: Strikes out looking
Top of the 1st over - 0 runs, 1 hit, 0 errors, 1 left on base; Delaware 0 - Grim 0
BOTTOM OF THE 1ST
Grim Reapers batting - Pitching for Delaware 1787 BC : LHP Steve Baker
Pitching: LHP Steve Baker
Batting: RHB Indergabriell Marifosque 0-0: Ball
1-0: Ball
2-0: Called Strike
2-1: Swinging Strike
2-2: Ball
3-2: Foul Ball, location: 2F
3-2: Strikes out swinging
Batting: RHB Yataro Nagai 0-0: Ball
1-0: Ball
2-0: Called Strike
2-1: Foul Ball, location: 2F
2-2: Foul Ball, location: 2F
2-2: Foul Ball, location: 2F
2-2: Strikes out looking
Batting: RHB Joe Holmes 0-0: Called Strike
0-1: Called Strike
0-2: Strikes out swinging
Bottom of the 1st over - 0 runs, 0 hits, 0 errors, 0 left on base; Delaware 0 - Grim 0
TOP OF THE 2ND
Delaware 1787 BC batting - Pitching for Grim Reapers : RHP Domingo Galló
Batting: LHB Chandler Schroeder 0-0: Foul Ball, location: 2F
0-1: Swinging Strike
0-2: Ball
1-2: Ball
2-2: Fly out, F5 (Popup, 25, EV 87.5 MPH)
Batting: RHB Mike Williams 0-0: Ball
1-0: Ground out 6-3 (Groundball, 6M, EV 81.2 MPH)
Batting: RHB Justin Schock 0-0: Swinging Strike
0-1: Ball
1-1: Ball
2-1: Swinging Strike
2-2: Strikes out looking
Top of the 2nd over - 0 runs, 0 hits, 0 errors, 0 left on base; Delaware 0 - Grim 0
BOTTOM OF THE 2ND
Grim Reapers batting - Pitching for Delaware 1787 BC : LHP Steve Baker
Batting: RHB Getoff Mylawn 0-0: DOUBLE (Line Drive, 89M, EV 89.4 MPH)
Batting: LHB Pielgrzym Myslajek 0-0: Ball
1-0: Foul Ball, location: 2F
1-1: DOUBLE (Line Drive, 89D, EV 106.9 MPH)
Getoff Mylawn scores
Batting: RHB Ron Burnett 0-0: Called Strike
0-1: Foul Ball, location: 2F
0-2: Strikes out swinging
Batting: LHB John Manley 0-0: Foul Ball, location: 2F
0-1: Swinging Strike
0-2: Ball
1-2: Strikes out swinging
Batting: RHB Joe Gregory 0-0: Ball
1-0: Ball
2-0: Ground out 6-3 (Groundball, 56, EV 93.1 MPH)
Bottom of the 2nd over - 1 run, 2 hits, 0 errors, 1 left on base; Delaware 0 - Grim 1
TOP OF THE 3RD
Delaware 1787 BC batting - Pitching for Grim Reapers : RHP Domingo Galló
Batting: RHB Ryan Dodson 0-0: Ball
1-0: Called Strike
1-1: SOLO HOME RUN (Flyball, 7LD, EV 94.4 MPH), Distance : 351 ft
Batting: RHB Gabriel López 0-0: Called Strike
0-1: Fly out, F7 (Flyball, 7, EV 90.6 MPH)
Batting: LHB Steve Wheeler 0-0: Called Strike
0-1: Ground out 4-3 (Groundball, 4, EV 78.1 MPH)
Batting: LHB Luis Concepción 0-0: Fly out, F5 (Popup, 25F, EV 81.9 MPH)
Top of the 3rd over - 1 run, 1 hit, 0 errors, 0 left on base; Delaware 1 - Grim 1
BOTTOM OF THE 3RD
Grim Reapers batting - Pitching for Delaware 1787 BC : LHP Steve Baker
Batting: RHB Muralidhara Neena 0-0: Called Strike
0-1: Foul Ball, location: 2F
0-2: Ball
1-2: Ball
2-2: Strikes out swinging
Batting: RHB Indergabriell Marifosque 0-0: Ball
1-0: Foul Ball, location: 2F
1-1: Foul Ball, location: 2F
1-2: Ground out 5-3 (Groundball, 56, EV 92.5 MPH)
Batting: RHB Yataro Nagai 0-0: SINGLE (Groundball, 6MS, EV 65.0 MPH) (infield hit)
Batting: RHB Joe Holmes 0-0: Ball
1-0: Called Strike
1-1: Foul Ball, location: 2F
1-2: Foul Ball, location: 2F
1-2: Ball
2-2: SINGLE (Line Drive, 4D, EV 95.0 MPH)
Yataro Nagai to second
Yataro Nagai to third
Batting: RHB Getoff Mylawn 0-0: Ball
1-0: Ball
2-0: Ground out 4-3 (Groundball, 4, EV 86.2 MPH)
Bottom of the 3rd over - 0 runs, 2 hits, 0 errors, 2 left on base; Delaware 1 - Grim 1
TOP OF THE 4TH
Delaware 1787 BC batting - Pitching for Grim Reapers : RHP Domingo Galló
Batting: RHB Mhelter Tejano 0-0: Ball
1-0: Swinging Strike
1-1: Ball
2-1: Foul Ball, location: 2F
2-2: Ball
3-2: Ground out 5-3 (Groundball, 56S, EV 88.8 MPH)
Batting: RHB Eduardo Lucciardi 0-0: Ball
1-0: Ball
2-0: Ball
3-0: Called Strike
3-1: Swinging Strike
3-2: Foul Ball, location: 2F
3-2: Foul Ball, location: 2F
3-2: Base on Balls
Batting: LHB Chandler Schroeder 0-0: Ball
1-0: Swinging Strike
1-1: Ball
2-1: Fly out, F9 (Flyball, 9S, EV 92.5 MPH)
Batting: RHB Mike Williams 0-0: Called Strike
0-1: Foul Ball, location: 2F
0-2: Strikes out looking
Top of the 4th over - 0 runs, 0 hits, 0 errors, 1 left on base; Delaware 1 - Grim 1
BOTTOM OF THE 4TH
Grim Reapers batting - Pitching for Delaware 1787 BC : LHP Steve Baker
Batting: LHB Pielgrzym Myslajek 0-0: Foul Ball, location: 2F
0-1: Foul Ball, location: 2F
0-2: Foul Ball, location: 2F
0-2: Strikes out swinging
Batting: RHB Ron Burnett 0-0: Swinging Strike
0-1: Ball
1-1: Fly out, F7 (Flyball, 78XD, EV 108.8 MPH)
Batting: LHB John Manley 0-0: Ball
1-0: Ball
2-0: SINGLE (Line Drive, 8LS, EV 93.8 MPH)
Batting: RHB Joe Gregory 0-0: Swinging Strike
0-1: Foul Ball, location: 2F
0-2: Ball
1-2: Fielders Choice at 2nd, 5-4 (Groundball, 56, EV 88.8 MPH)
Bottom of the 4th over - 0 runs, 1 hit, 0 errors, 1 left on base; Delaware 1 - Grim 1
TOP OF THE 5TH
Delaware 1787 BC batting - Pitching for Grim Reapers : RHP Domingo Galló
Batting: RHB Justin Schock 0-0: Ball
1-0: Ball
2-0: Foul Ball, location: 2F
2-1: Ball
3-1: Base on Balls
Batting: RHB Ryan Dodson 0-0: Ball
1-0: Swinging Strike
1-1: Swinging Strike
1-2: Strikes out looking
Batting: RHB Gabriel López 0-0: Ball
1-0: Foul Ball, location: 2F
1-1: Swinging Strike
1-2: Foul Ball, location: 2F
1-2: Strikes out swinging
Batting: LHB Steve Wheeler 0-0: Ball
1-0: Fly out, F7 (Line Drive, 7, EV 89.4 MPH)
Top of the 5th over - 0 runs, 0 hits, 0 errors, 1 left on base; Delaware 1 - Grim 1
BOTTOM OF THE 5TH
Grim Reapers batting - Pitching for Delaware 1787 BC : LHP Steve Baker
Batting: RHB Muralidhara Neena 0-0: Called Strike
0-1: Ball
1-1: Foul Ball, location: 2F
1-2: Strikes out looking
Pitching: RHP Guillermo Quiñones
Batting: RHB Indergabriell Marifosque 0-0: Called Strike
0-1: Fly out, F9 (Flyball, 9, EV 83.1 MPH)
Batting: RHB Yataro Nagai 0-0: Foul Ball, location: 2F
0-1: Ball
1-1: Ball
2-1: Called Strike
2-2: Ball
3-2: Foul Ball, location: 2F
3-2: TRIPLE (Flyball, 7D, EV 86.9 MPH)
Batting: RHB Joe Holmes 0-0: Called Strike
0-1: Ball
1-1: Called Strike
1-2: Foul Ball, location: 2F
1-2: Foul Ball, location: 2F
1-2: Strikes out looking
Bottom of the 5th over - 0 runs, 1 hit, 0 errors, 1 left on base; Delaware 1 - Grim 1
TOP OF THE 6TH
Delaware 1787 BC batting - Pitching for Grim Reapers : RHP Domingo Galló
Batting: LHB Luis Concepción 0-0: Called Strike
0-1: Swinging Strike
0-2: Foul Ball, location: 2F
0-2: Ball
1-2: Ball
2-2: Ball
3-2: Strikes out swinging
Batting: RHB Mhelter Tejano 0-0: Called Strike
0-1: Swinging Strike
0-2: Ball
1-2: Ground out 6-3 (Groundball, 6, EV 81.2 MPH)
Batting: RHB Eduardo Lucciardi 0-0: Ball
1-0: Called Strike
1-1: Foul Ball, location: 2F
1-2: Strikes out swinging
Top of the 6th over - 0 runs, 0 hits, 0 errors, 0 left on base; Delaware 1 - Grim 1
BOTTOM OF THE 6TH
Grim Reapers batting - Pitching for Delaware 1787 BC : RHP Guillermo Quiñones
Batting: RHB Getoff Mylawn 0-0: Swinging Strike
0-1: Ball
1-1: Ball
2-1: Ball
3-1: Base on Balls
Batting: LHB Pielgrzym Myslajek 0-0: Fielders Choice at 2nd, 6-4 (Groundball, 56, EV 86.2 MPH)
Batting: RHB Ron Burnett 0-0: Called Strike
0-1: Ball
1-1: DOUBLE (Line Drive, 9LS, EV 110.6 MPH)
Pielgrzym Myslajek to third
Batting: LHB John Manley 0-0: Ball
1-0: Called Strike
1-1: Ball
2-1: Ball
3-1: Foul Ball, location: 2F
3-2: 3-RUN HOME RUN (Flyball, 9LD, EV 87.5 MPH), Distance : 333 ft
Pitching: RHP Domingo García
Batting: RHB Joe Gregory 0-0: Fly out, F5 (Popup, 5, EV 68.8 MPH)
Batting: RHB Muralidhara Neena 0-0: Foul Ball, location: 2F
0-1: Ball
1-1: Ball
2-1: Swinging Strike
2-2: SINGLE (Groundball, 6MD, EV 100.0 MPH)
Batting: RHB Indergabriell Marifosque 0-0: Ball
1-0: Called Strike
1-1: Ball
2-1: DOUBLE (Groundball, 3L, EV 105.6 MPH)
Muralidhara Neena to third
Runner from 3rd tries for Home, SAFE, throw by RF to trailing runner, SAFE at third!
Batting: RHB Yataro Nagai 0-0: Ball
1-0: Ball
2-0: Foul Ball, location: 2F
2-1: Ground out 6-3 (Groundball, 6S, EV 73.8 MPH)
Bottom of the 6th over - 4 runs, 4 hits, 0 errors, 1 left on base; Delaware 1 - Grim 5
TOP OF THE 7TH
Delaware 1787 BC batting - Pitching for Grim Reapers : RHP Domingo Galló
Pitching: RHP Roberto Días
Now in CF: Ron Lott
Batting: LHB Chandler Schroeder 0-0: Fly out, F8 (Flyball, 8LD, EV 103.1 MPH)
Batting: RHB Mike Williams 0-0: Swinging Strike
0-1: SINGLE (Line Drive, 8LS, EV 86.2 MPH)
Batting: RHB Justin Schock 0-0: Swinging Strike
0-1: Ball
1-1: Swinging Strike
1-2: Strikes out looking
Batting: RHB Ryan Dodson 0-0: Ball
1-0: Ground out 4-3 (Groundball, 4S, EV 85.0 MPH)
Top of the 7th over - 0 runs, 1 hit, 0 errors, 1 left on base; Delaware 1 - Grim 5
BOTTOM OF THE 7TH
Grim Reapers batting - Pitching for Delaware 1787 BC : RHP Domingo García
Batting: RHB Joe Holmes 0-0: SINGLE (Flyball, 3D, EV 101.2 MPH)
Batting: RHB Getoff Mylawn 0-0: Ball
1-0: Called Strike
1-1: Called Strike
1-2: Ball
2-2: Fly out, F6 (Popup, 6, EV 61.9 MPH)
Batting: LHB Pielgrzym Myslajek 0-0: Swinging Strike
0-1: Ball
1-1: Called Strike
1-2: Ball
2-2: Ball
3-2: Base on Balls
Joe Holmes to second
Batting: RHB Ron Burnett 0-0: Called Strike
0-1: Ball
1-1: Foul Ball, location: 2F
1-2: Fly out, F9 (Flyball, 9, EV 96.2 MPH)
Batting: LHB John Manley 0-0: Ball
1-0: Called Strike
1-1: Ball
2-1: Ball
3-1: Called Strike
3-2: SINGLE (Groundball, 4MD, EV 96.9 MPH)
Joe Holmes to third
Pielgrzym Myslajek to second
Joe Holmes scores
Pielgrzym Myslajek to third
Batting: RHB Joe Gregory 0-0: Called Strike
0-1: Called Strike
0-2: Ball
1-2: Strikes out swinging
Bottom of the 7th over - 1 run, 2 hits, 0 errors, 2 left on base; Delaware 1 - Grim 6
TOP OF THE 8TH
Delaware 1787 BC batting - Pitching for Grim Reapers : RHP Roberto Días
Batting: RHB Gabriel López 0-0: Ball
1-0: Foul Ball, location: 2F
1-1: Foul Ball, location: 2F
1-2: Ground out 5-3 (Groundball, 5S, EV 79.4 MPH)
Batting: LHB Steve Wheeler 0-0: Called Strike
0-1: Swinging Strike
0-2: Strikes out swinging
Batting: LHB Luis Concepción 0-0: Called Strike
0-1: Called Strike
0-2: Ball
1-2: Ground out U3 (Groundball, 3L, EV 90.0 MPH)
Top of the 8th over - 0 runs, 0 hits, 0 errors, 0 left on base; Delaware 1 - Grim 6
BOTTOM OF THE 8TH
Grim Reapers batting - Pitching for Delaware 1787 BC : RHP Domingo García
Batting: RHB Muralidhara Neena 0-0: Ball
1-0: Called Strike
1-1: Foul Ball, location: 2F
1-2: Ground out 6-3 (Groundball, 6MS, EV 87.5 MPH)
Batting: RHB Indergabriell Marifosque 0-0: Ball
1-0: Ball
2-0: Called Strike
2-1: SINGLE (Groundball, 6MD, EV 98.1 MPH)
Pitching: LHP Francisco González
Batting: RHB Ron Lott 0-0: Called Strike
0-1: Ball
1-1: Called Strike
1-2: Fly out, F8 (Line Drive, 8LD, EV 89.4 MPH)
Batting: RHB Joe Holmes 0-0: Ball
1-0: Foul Ball, location: 2F
1-1: Ball
2-1: Foul Ball, location: 2F
2-2: Foul Ball, location: 2F
2-2: Strikes out swinging
Bottom of the 8th over - 0 runs, 1 hit, 0 errors, 1 left on base; Delaware 1 - Grim 6
TOP OF THE 9TH
Delaware 1787 BC batting - Pitching for Grim Reapers : RHP Roberto Días
Batting: RHB Mhelter Tejano 0-0: Called Strike
0-1: SINGLE (Groundball, 56D, EV 103.8 MPH)
Batting: RHB Eduardo Lucciardi 0-0: Ball
1-0: Foul Ball, location: 2F
1-1: Swinging Strike
1-2: Ball
2-2: Ball
3-2: Foul Ball, location: 2F
3-2: Base on Balls
Mhelter Tejano to second
Batting: LHB Chandler Schroeder 0-0: Called Strike
0-1: Ball
1-1: Foul Ball, location: 2F
1-2: Ball
2-2: Strikes out looking
Batting: RHB Mike Williams 0-0: Called Strike
0-1: Ball
1-1: Ball
2-1: Foul Ball, location: 2F
2-2: Ball
3-2: Fly out, F8 (Flyball, 78D, EV 94.4 MPH)
Batting: RHB Justin Schock 0-0: Called Strike
0-1: Called Strike
0-2: Ball
1-2: Strikes out looking
Top of the 9th over - 0 runs, 1 hit, 0 errors, 2 left on base; Delaware 1 - Grim 6
Friday, March 26th, 2021 - OOTP Baseball 20.8 Build 74